 Dungeon Crawl Stone Soup version 0.31-a0-222-gefeffbb62a (webtiles) character file.

Game seed: 12350611528606287617

140 qw the Chopper (level 5, -4/32 HPs)
             Began as a Gargoyle Fighter on July 4, 2023.
             Killed by divine providence
             ... invoked by an orc priest
              (8 damage)
             ... on level 4 of the Dungeon.
             The game lasted 00:00:50 (2074 turns).

qw the Chopper (Gargoyle Fighter)                   Turns: 2074, Time: 00:00:50

Health: -4/32      AC: 13    Str: 22    XL:     5   Next: 22%
Magic:  5/5        EV:  8    Int:  8    God:
Gold:   32         SH:  4    Dex:  9    Spells: 4/4 levels left

rFire   . . .        Y - +3 war axe (heavy)
rCold   . . .        c - +0 buckler
rNeg    + . .        g - +0 chain mail
rPois   inf          (no helmet)
rElec   +            (no cloak)
rCorr   .            (no gloves)
SInv    .            (no boots)
Will    .....        (no amulet) Stlth
                     (no ring)
HPRegen 0.25/turn    (no ring)
MPRegen 0.09/turn

%: no passive effects
@: no status effects
A: sickness immunity, AC +4, negative energy resistance 1, electricity
resistance, torment resistance 1, petrification resistance
a: no special abilities


You were on level 4 of the Dungeon.
You visited 1 branch of the dungeon, and saw 4 of its levels.

You collected 221 gold pieces.
You spent 189 gold pieces at shops.


Innate Abilities, Weirdness & Mutations

You are immune to sickness and miasma.
Your stone body is resilient. (AC +4)
You are immune to poison.
You resist negative energy. (rN+)
You are resistant to electric shocks. (rElec)
You are resistant to unholy torment.
You are immune to petrification.


   Skills:
 - Level 3.2 Fighting
 + Level 4.8 Axes
 - Level 3.2 Armour
 - Level 3.2 Shields


You had 4 spell levels left.
You didn't know any spells.
Your spell library was empty.

Inventory:

Hand Weapons
 k - a +0 mace
 Y - a +3 heavy war axe (weapon)
Armour
 c - a +0 buckler (worn)
 g - a +0 chain mail (worn)
Jewellery
 f - a ring of fire
Scrolls
 l - 2 scrolls of identify
Potions
 a - 2 potions of magic
 b - a potion of enlightenment {unknown}
 d - a potion of might
 e - a potion of mutation
 h - a potion of curing
 i - a potion of cancellation
 j - a potion of resistance {unknown}

Dungeon Overview and Level Annotations

Branches:
Dungeon (4/15)
 Temple: D:4-7

Altars:
Ashenzari
Trog

Shops:
D:3 ?


Message History

An orc comes into view. It is wielding a +2 dagger of draining.
2060 ||| Stepping ~*~*~tactically~*~*~ (hiding).
2061 ||| Stepping ~*~*~tactically~*~*~ (stealth).
2065 ||| Stepping ~*~*~tactically~*~*~ (hiding).
2066 ||| Stepping ~*~*~tactically~*~*~ (hiding).
You hit the orc.
The orc is severely wounded.
The orc hits you but does no damage.
You closely miss the orc. You block the orc's attack.
You hit the orc but do no damage. The orc hits you with a +0 club.
The orc priest invokes the aid of Beogh against you.
Beogh smites you! The orc hits you but does no damage.
You block the orc's attack.
The orc shouts!
You hit the orc.
You kill the orc!
You slash the orc!
You kill the orc!
The orc priest calls down the wrath of Beogh upon you.
Beogh smites you!
You barely miss the orc priest.
The orc priest hits you but does no damage.
The orc priest completely misses you.
You hit the orc priest.
The orc priest is lightly wounded.
You barely miss the orc.
The orc priest hits you but does no damage.
The orc hits you but does no damage.
The orc priest hits you with a +0 dagger.
The orc barely misses you.
You closely miss the orc priest.
The orc priest is lightly wounded.
You slice the orc!!
You kill the orc!
The orc priest hits you with a +0 dagger.
The orc priest mumbles some strange prayers to Beogh against you.
Beogh smites you!
You die...

#.......#####
#...........
##.#+#...##.
#.)...#..#.
####......[.
#...........
#...........
#.).........
#@o....[....
###.........
#%)..#.#.#
#.........
#o...#.#.
.........
...#.#.#.
..........
o.....#.#.


You could see an orc priest.

Vanquished Creatures
  Jessica (D:3)
  Terence (D:3)
  An iguana (D:4)
  An adder (D:4)
  A worm (D:3)
  4 orcs (D:4)
  6 endoplasms
  A giant cockroach (D:1)
  5 goblins
  4 hobgoblins (D:1)
  7 jackals (D:3)
  2 ball pythons
  2 bats
  A frilled lizard (D:3)
  5 kobolds
  4 rats
46 creatures vanquished.

Notes
Turn   | Place    | Note
-------+----------+-------------------------------------------
     0 | D:1      | qw the Gargoyle Fighter began the quest for the Orb.
     0 | D:1      | Reached XP level 1. HP: 14/14 MP: 1/1
     0 | D:1      | 0 ||| qw: Version: 0.3-a-46-gb1f654a
     0 | D:1      | 0 ||| qw: Game counter: 898
     0 | D:1      | 0 ||| qw: Melee chars always use a shield: true
     0 | D:1      | 0 ||| qw: God list: Okawaru
     0 | D:1      | 0 ||| qw: Allow faded altars: false
     0 | D:1      | 0 ||| qw: Do Orc after clearing Dungeon:15 true
     0 | D:1      | 0 ||| qw: Do second Lair branch before Depths: true
     0 | D:1      | 0 ||| qw: Lair rune preference: random
     0 | D:1      | 0 ||| qw: Goals: Normal, Zot:1-4, Slime:5, God:TSO, Crypt,
                  | Tomb, Abyss, Pan, Hells, Win
     0 | D:1      | 0 ||| PLANNING D:1-11
   109 | D:1      | Reached skill level 2 in Axes
   160 | D:1      | You fall into a shaft and drop 1 floor!
   168 | D:2      | 168 ||| SWAPPING to +1 heavy war axe.
   169 | D:2      | 169 ||| DROPPING +0 war axe.
   186 | D:2      | 186 ||| Stepping ~*~*~tactically~*~*~ (stealth).
   190 | D:2      | 190 ||| Stepping ~*~*~tactically~*~*~ (stealth).
   318 | D:2      | 318 ||| READING scroll labelled NIUSTR QYMASTRUP.
   319 | D:2      | 319 ||| DRINKING 3 red potions.
   351 | D:1      | Reached XP level 2. HP: 17/19 MP: 2/2
   755 | D:1      | 755 ||| READING scroll labelled ZEARUINWOU.
   796 | D:2      | Found a bloodstained altar of Trog.
  1092 | D:2      | Found a faded altar of an unknown god.
  1263 | D:2      | 1263 ||| READING scroll labelled FYNGYU VUUNUH.
  1395 | D:3      | Reached skill level 3 in Axes
  1397 | D:3      | Reached XP level 3. HP: 14/23 MP: 3/3
  1471 | D:3      | 1471 ||| Stepping ~*~*~tactically~*~*~ (stealth).
  1472 | D:3      | Noticed Jessica
  1477 | D:3      | Killed Jessica
  1478 | D:3      | Reached XP level 4. HP: 26/28 MP: 4/4
  1675 | D:3      | 1675 ||| Stepping ~*~*~tactically~*~*~ (stealth).
  1695 | D:3      | 1695 ||| DROPPING +0 whip.
  1697 | D:3      | Found a broken altar of Ashenzari.
  1706 | D:3      | Reached skill level 4 in Axes
  1716 | D:3      | 1716 ||| Stepping ~*~*~tactically~*~*~ (stealth).
  1717 | D:3      | 1717 ||| Stepping ~*~*~tactically~*~*~ (stealth).
  1758 | D:3      | Noticed Terence
  1767 | D:3      | Killed Terence
  1886 | D:3      | Found Hesiq's Magic Scroll Boutique.
  1889 | D:3      | 1889 ||| BUYING 3 scrolls of identify (84 gold).
  1889 | D:3      | Bought 3 scrolls of identify for 84 gold pieces
  1889 | D:3      | 1889 ||| SHOPLISTING scroll of acquirement (728 gold, have
                  | 126).
  1889 | D:3      | 1889 ||| BUYING scroll of enchant weapon (105 gold).
  1889 | D:3      | Bought a scroll of enchant weapon for 105 gold pieces
  1889 | D:3      | 1889 ||| SHOPLISTING scroll of identify (28 gold, have 21).
  1889 | D:3      | 1889 ||| SHOPLISTING scroll of teleportation (42 gold, have
                  | 21).
  1889 | D:3      | 1889 ||| READING scroll of enchant weapon.
  1889 | D:3      | 1889 ||| ENCHANTING +2 heavy war axe.
  1945 | D:3      | 1945 ||| UPGRADING to +0 chain mail.
  1955 | D:3      | 1955 ||| DROPPING +0 scale mail.
  1956 | D:3      | 1956 ||| READING scroll labelled FOLOTI UGOTO.
  1957 | D:3      | 1957 ||| DRINKING 2 green potions.
  1958 | D:3      | 1958 ||| READING 3 scrolls of identify.
  1958 | D:3      | 1958 ||| IDENTIFYING bubbling sapphire potion
  1959 | D:3      | 1959 ||| READING 2 scrolls of identify.
  1959 | D:3      | 1959 ||| IDENTIFYING fuming white potion
  2040 | D:4      | Reached XP level 5. HP: 32/32 MP: 5/5
  2060 | D:4      | 2060 ||| Stepping ~*~*~tactically~*~*~ (hiding).
  2061 | D:4      | 2061 ||| Stepping ~*~*~tactically~*~*~ (stealth).
  2065 | D:4      | 2065 ||| Stepping ~*~*~tactically~*~*~ (hiding).
  2066 | D:4      | 2066 ||| Stepping ~*~*~tactically~*~*~ (hiding).
  2071 | D:4      | HP: 7/32 [orc priest/divine providence (11)]
  2074 | D:4      | Killed from afar by an orc priest

Levels and vault maps discovered:
D:1:      onia_arrival_pyramid, layout_loops_ring
D:2:      layout_loops_cross, dilly_ecumenical_altar_fadedgnrine, basic_altar
D:3:      layout_rooms, marbit_many_paths, serial_shops, nicolae_shop_rolled_up,
          uniq_terence, uniq_jessica
D:4:      layout_basic, grunt_temple_overflow_diamond, nicolae_uskayaw_suspiria,
          serial_glass, glass_columns_c, glass_columns_a, glass_columns_b,
          glass_columns_a

Skill      XL: |  1  2  3  4 |
---------------+-------------+-----
Axes           | 2 3 4 |  4.8
Fighting       | |  3.2
Armour         | |  3.2
Shields        | |  3.2

Action                     |  1- 3 |  4- 6 || total
---------------------------+-------+-------++-------
  Melee: War axe           |    53 |    37 ||    90
    Use: Scroll            |     3 |     4 ||     7
         Potion            |     1 |     1 ||     2
 Armour: Scale mail        |    47 |     9 ||    56
         Chain mail        |       |    12 ||    12
  Dodge: Dodged            |    39 |    17 ||    56
  Block: Buckler           |    11 |     8 ||    19

Table legend:
 A = Non-vault XP
 B = Vault XP
 C = Vault XP percentage of total XP
 D = Non-vault monster count
 E = Vault monster count
 F = Vault count percentage of total count
                 A         B        C        D         E       F
            +---------+---------+-------+---------+---------+-------
      Total |     128 |      75 |  36.9 |      43 |       3 |   6.5
            +---------+---------+-------+---------+---------+-------
        D:1 |      16 |       0 |   0.0 |       9 |       0 |   0.0
        D:2 |       6 |       0 |   0.0 |       5 |       0 |   0.0
        D:3 |      40 |      75 |  65.2 |      21 |       3 |  12.5
        D:4 |      66 |       0 |   0.0 |       8 |       0 |   0.0
            +---------+---------+-------+---------+---------+-------
